 Dungeon Crawl Stone Soup version 0.16.2-12-gd0ad4c3 (webtiles) character file.

201 faibistes the Magician (level 5, -1/28 HPs)
             Began as a Deep Elf Wizard on Dec 17, 2017.
             Killed from afar by faibistes' ghost (10 damage)
             ... with a magic dart
             ... on level 3 of the Dungeon.
             The game lasted 00:07:21 (2828 turns).

faibistes the Magician (Deep Elf Wizard)            Turns: 2828, Time: 00:07:21

Health: -1/28      AC:  3    Str:  4    XL:     5   Next: 50%
Magic:  17/20      EV: 13    Int: 24    God:
Gold:   71         SH:  0    Dex: 13    Spells: 6 memorised, 3 levels left

rFire  . . .     SeeInvis .     g - +0 dagger
rCold  . . .     Clarity  .     a - +0 robe
rNeg   . . .     SustAb   .     (no shield)
rPois  .         Gourm    .     b - +0 hat
rElec  .         Spirit   .     j - +0 cloak
rCorr  .         Warding  .     (no gloves)
rMut   .         Stasis   .     (no boots)
MR     .....                    (no amulet)
Stlth  ++........               (no ring)
                                (no ring)

@: repel missiles, not resistant to hostile enchantments, unstealthy
A: no striking features
a: no special abilities


You were on level 3 of the Dungeon.
You were not hungry.

You visited 1 branch of the dungeon, and saw 3 of its levels.

You collected 71 gold pieces.

Inventory:

Hand weapons
 g - a +0 dagger (weapon)
Armour
 a - a +0 robe (worn)
 b - a +0 hat (worn)
 j - a +0 cloak (worn)
Scrolls
 k - a scroll of fear {unknown}
 m - a scroll of identify {unknown}
 o - a scroll of enchant weapon {unknown}
Potions
 e - 2 potions of magic {unknown}
 h - 2 potions of restore abilities {unknown}
 i - a potion of resistance {unknown}
 l - 2 potions of curing {unknown}
 n - a potion of heal wounds {unknown}
Books
 c - a book of Minor Magic

   Spells                             Type                      Level
   a - Magic Dart                     Conjuration                  1
   b - Blink                          Translocation                2
   c - Call Imp                       Summoning                    2
   d - Repel Missiles                 Charms/Air                   2
   e - Slow                           Hexes                        2
   f - Conjure Flame                  Conjuration/Fire             3
   g - Mephitic Cloud                 Conjuration/Poison/Air       3
Comestibles
 d - 2 bread rations


   Skills:
 + Level 3.8 Dodging
 - Level 2.4 Stealth
 * Level 6.3 Spellcasting
 - Level 3.8 Conjurations
 - Level 1.1 Summonings
 * Level 1.1 Translocations


You had 3 spell levels left.
You knew the following spells:

 Your Spells              Type           Power        Failure   Level  Hunger
a - Magic Dart            Conj           ####         1%          1    None
b - Conjure Flame         Conj/Fire      ###.....     14%         3    None
c - Call Imp              Summ           ##......     10%         2    None
d - Blink                 Tloc           N/A          10%         2    None
e - Mephitic Cloud        Conj/Pois/Air  ##......     17%         3    None
f - Repel Missiles        Chrm/Air       #.....       12%         2    None


Dungeon Overview and Level Annotations

Branches:
Dungeon (3/15)

Altars:
Fedhas

Annotations:
D:3 faibistes' ghost, average DEWz


Message History

You continue eating.
Magic restored.
The kobold shouts!
The shadow imp gestures at you. Pain shoots through your body!
The kobold throws a stone.
The stone is repelled.
You continue eating.
The kobold throws a stone.
The stone hits you but does no damage.
Faibistes' ghost mumbles some strange words.
Casting: Magic Dart
Confirm with . or Enter, or press ? or * to list all spells.
Aiming: Conjure Flame
Press: ? - help, Dir - move target cursor The fire roars!
The kobold throws a stone.
The stone is repelled.
The kobold throws a stone.
The stone barely misses you.
You see here a stone.
Faibistes' ghost is engulfed in roaring flames.
Faibistes' ghost gestures at you while chanting.
The magic dart hits you!
You die...

..... ....K.
......#
.......##
#.....5##
#.....(W##
#.......#(##
#.......#(.##
#.......#@..#
#.......#.###
.......#†####
............##
...........<.#
+#####.....##
##+####


You could see faibistes' ghost.

Vanquished Creatures
  A necrophage (D:3)
  3 adders (D:2)
  A worm (D:2)
  4 giant geckos
  5 hobgoblins
  10 jackals
  5 kobolds
  A quokka (D:2)
  4 ball pythons (D:2)
  8 bats
  7 giant cockroaches
  A giant newt (D:2)
  3 goblins
  11 rats
64 creatures vanquished.

Vanquished Creatures (collateral kills)
  A worm (D:2)
  3 jackals (D:1)
  A giant newt (D:2)
5 creatures vanquished.

Grand Total: 69 creatures vanquished

Notes
Turn   | Place    | Note
--------------------------------------------------------------
     0 | D:1      | faibistes, the Deep Elf Wizard, began the quest for the Orb.
     0 | D:1      | Reached XP level 1. HP: 10/10 MP: 6/6
   214 | D:1      | Reached XP level 2. HP: 3/15 MP: 6/9
   281 | D:1      | Learned a level 2 spell: Blink
   284 | D:1      | Learned a level 2 spell: Call Imp
   791 | D:1      | Reached skill level 5 in Spellcasting
   983 | D:1      | Reached XP level 3. HP: 17/19 MP: 1/14
   992 | D:1      | Learned a level 3 spell: Conjure Flame
   996 | D:1      | Learned a level 3 spell: Mephitic Cloud
  1926 | D:2      | Reached XP level 4. HP: 18/24 MP: 3/17
  1930 | D:2      | Learned a level 2 spell: Repel Missiles
  2156 | D:2      | Found a blossoming altar of Fedhas.
  2672 | D:3      | Noticed a necrophage
  2691 | D:3      | Killed a necrophage
  2691 | D:3      | Reached skill level 6 in Spellcasting
  2691 | D:3      | Reached XP level 5. HP: 28/28 MP: 0/20
  2754 | D:3      | Noticed faibistes' ghost (average DEWz)
  2828 | D:3      | Killed from afar by faibistes' ghost

Action                   |  1- 3 |  4- 6 || total
-------------------------+-------+-------++-------
Melee: Dagger            |     6 |     1 ||     7
 Cast: Magic Dart        |   108 |    43 ||   151
       Call Imp          |     5 |       ||     5
       Mephitic Cloud    |     1 |     2 ||     3
       Conjure Flame     |       |     3 ||     3
       Repel Missiles    |       |     1 ||     1
 Stab: Confused          |       |     1 ||     1
  Eat: Chunk             |     3 |     3 ||     6
